 Dungeon Crawl Stone Soup version 0.18.1-5-g4a78601 (webtiles) character file.

217 Gargoyl the Skirmisher (level 5, -4/42 HPs)
             Began as a Demonspawn Abyssal Knight on May 10, 2016.
             Was a Priest of Lugonu.
             Slain by Grinder (6 damage)
             ... on level 4 of the Dungeon.
             The game lasted 00:06:42 (4263 turns).

Gargoyl the Skirmisher (Demonspawn Abyssal Knight)  Turns: 4263, Time: 00:06:43

Health: -4/42      AC: 10    Str: 14    XL:     5   Next: 62%
Magic:  7/7        EV:  8    Int: 11    God:    Lugonu [***...]
Gold:   190        SH:  7    Dex: 16    Spells: 0 memorised, 4 levels left

rFire  . . .     SeeInvis .     a - +1 hand axe
rCold  . . .     Gourm    .     q - +0 chain mail
rNeg   . . .     Faith    .     v - +0 shield
rPois  .         Spirit   .     k - +0 helmet
rElec  .         Dismiss  .     j - +0 cloak
rCorr  .         Reflect  .     (no gloves)
SustAt .         Harm     .     (no boots)
MR     +....                    (no amulet)
Stlth  ..........               (no ring)
                                (no ring)

@: agile, drained, somewhat resistant to hostile enchantments, extremely
unstealthy
A: talons 1, rough black scales 1, deformed body, dopey 1, magic resistance 1
a: Depart the Abyss, Bend Space, Banish, Renounce Religion


You were on level 4 of the Dungeon.
You worshipped Lugonu.
Lugonu was most pleased with you.
You were hungry.

You visited 1 branch of the dungeon, and saw 4 of its levels.
You visited the Abyss 1 time.

You collected 190 gold pieces.

Inventory:

Hand Weapons
 a - a +1 hand axe (weapon)
 p - a +0 trident
Missiles
 e - 7 tomahawks (quivered)
Armour
 j - a +0 cloak (worn)
 k - a +0 helmet (worn)
 q - a +0 chain mail (worn)
 v - a +0 shield (worn)
Wands
 l - a wand of confusion (36/48)
 m - a wand of digging (1/24)
 w - a wand of polymorph (8/24)
Scrolls
 f - 3 scrolls of enchant weapon {unknown}
 g - 3 scrolls of noise {unknown}
 h - 5 scrolls of remove curse {unknown}
 n - 3 scrolls of identify {unknown}
 o - a scroll of random uselessness {unknown}
 t - 2 scrolls of enchant armour {unknown}
 u - a scroll of recharging {unknown}
 y - a scroll of fog {unknown}
Potions
 s - a potion of agility
Comestibles
 c - 2 bread rations
 d - 2 slices of pizza
 i - 2 fruits
 x - a chunk of flesh


   Skills:
 + Level 3.7(2.7) Fighting
 + Level 2.8(1.8) Axes
 * Level 3.1(2.1) Armour
 + Level 2.6(1.6) Dodging
 + Level 0.6(0.0) Stealth
 + Level 0.1(0.0) Shields
 + Level 2.7(1.7) Invocations


You had 4 spell levels left.
You didn't know any spells.

Dungeon Overview and Level Annotations

Branches:
Dungeon (4/15)
 Temple: D:4-7

Altars:
Ashenzari
Gozag
Nemelex Xobeh
Pakellas
Sif Muna
Vehumet
Xom
The Shining One

Shops:
D:4 %%

Annotations:
D:4 Grinder


Innate Abilities, Weirdness & Mutations

You have sharp toenails.
You are partially covered in rough black scales (AC +4, Dex -1).
Armour fits poorly on your strangely shaped body.
You are dopey. (Int -2)
You are resistant to hostile enchantments.


Message History

Aim: Grinder (chance to defeat MR: 80%)
You fail to use your ability.
Press: ? - help, Shift-Dir - straight line, f/p - Grinder
Aim: Grinder (chance to defeat MR: 80%)
You fail to use your ability.
Grinder hits you but does no damage.
Press: ? - help, Shift-Dir - straight line, f/p - Grinder
Aim: Grinder (chance to defeat MR: 80%)
You fail to use your ability.
You block Grinder's attack.
Press: ? - help, Shift-Dir - straight line, f/p - Grinder
Aim: Grinder (chance to defeat MR: 80%)
You fail to use your ability.
Grinder says, "Don't move a muscle."
Grinder hits you.
* * * LOW HITPOINT WARNING * * *
Press: ? - help, Shift-Dir - straight line, f/p - Grinder
Aim: Grinder (chance to defeat MR: 80%)
You fail to use your ability.
Grinder hits you.
* * * LOW HITPOINT WARNING * * *
You writhe in agony.
You die...

#..##..#.# .
#..#####.### .# #.
#..###..∩..#..###.
.......#.#..# #..
#.###......## #..
#.###......# ##.##
#..##......# ...
#........### #.#
#..##<#### #@#
..∩...#### #5#
.....#...# #####.#
#..#.#...###.....#
#..........#5#####
##....###..#.##
.....## ##....#
####.# #.5...# .#
#.# #....##


You could see Grinder.

Vanquished Creatures
  A giant frog skeleton (D:1)
  6 adders
  3 gnolls (D:4)
  An ooze (D:3)
  3 worms
  2 dart slugs
  2 giant geckos
  3 orcs
  A ball python (D:2)
  9 bats
  2 giant cockroaches
  10 hobgoblins
  3 jackals (D:1)
  23 giant newts
  10 goblins
  12 kobolds
  9 rats
100 creatures vanquished.

Notes
Turn   | Place    | Note
--------------------------------------------------------------
     0 | Abyss:1  | Gargoyl the Demonspawn Abyssal Knight began the quest for the Orb.
     0 | Abyss:1  | Reached XP level 1. HP: 18/18 MP: 2/2
    86 | Abyss:1  | Noticed a golden dragon skeleton
    86 | Abyss:1  | Noticed a raiju
   132 | Abyss:1  | Noticed a revenant
   138 | Abyss:1  | Noticed a smoke demon
   156 | D:1      | Escaped the Abyss
   436 | D:1      | Reached * piety under Lugonu
   463 | D:1      | Gained mutation: You have sharp toenails. [demonic ancestry]
   463 | D:1      | Reached XP level 2. HP: 12/24 MP: 4/4
   618 | D:1      | Reached skill level 1 in Dodging
   838 | D:1      | Reached XP level 3. HP: 17/29 MP: 5/5
   843 | D:1      | Reached ** piety under Lugonu
  1526 | D:1      | Gained mutation: You are partially covered in rough black scales (AC +4, Dex -1). [demonic ancestry]
  1526 | D:1      | Reached XP level 4. HP: 16/36 MP: 6/6
  1830 | D:2      | Found an oddly glowing altar of Pakellas.
  1892 | D:2      | Found a sparkling altar of Nemelex Xobeh.
  2083 | D:2      | Reached *** piety under Lugonu
  2799 | D:2      | Found a shimmering altar of Xom.
  2800 | D:2      | Found an opulent altar of Gozag.
  2800 | D:2      | Found a deep blue altar of Sif Muna.
  2801 | D:2      | Found a radiant altar of Vehumet.
  2801 | D:2      | Found a glowing golden altar of the Shining One.
  2802 | D:2      | Found a shattered altar of Ashenzari.
  3011 | D:3      | Reached XP level 5. HP: 39/41 MP: 7/7
  3773 | D:4      | Reached **** piety under Lugonu
  4006 | D:4      | Found Feero's Food Emporium.
  4015 | D:4      | Found Gypig's Food Boutique.
  4230 | D:4      | Noticed Grinder
  4242 | D:4      | Paralysed by Grinder for 7 turns
  4257 | D:4      | Gained mutation: You are resistant to hostile enchantments. [potion of mutation]
  4257 | D:4      | Gained mutation: You are dopey. (Int -2) [potion of mutation]
  4257 | D:4      | Gained mutation: Armour fits poorly on your strangely shaped body. [potion of mutation]
  4263 | D:4      | HP: 2/42 [Grinder (4)]
  4263 | D:4      | Slain by Grinder

Skill      XL: |  1  2  3  4  5 |
---------------+----------------+-----
Axes           | 2 |  2.8
Dodging        | 1 2 |  2.6
Armour         | 2 3 |  3.1
Fighting       | |  3.7
Stealth        | |  0.6
Shields        | |  0.1
Invocations    | |  2.7

Action                   |  1- 3 |  4- 6 || total
-------------------------+-------+-------++-------
Melee: Hand axe          |   113 |   237 ||   350
       Kick              |    21 |    48 ||    69
Invok: Depart the Abyss  |     1 |       ||     1
       Banish            |       |     1 ||     1
  Use: Potion            |       |     3 ||     3
  Eat: Bread ration      |     1 |     1 ||     2
       Chunk             |     1 |     1 ||     2
Armor: Leather armour    |    39 |    20 ||    59
       Chain mail        |       |   131 ||   131
Dodge: Dodged            |    82 |    98 ||   180
Block: Shield            |       |    33 ||    33
